 Dungeon Crawl Stone Soup version 0.31-a0-675-g238779eb0a (webtiles) character file.

Game seed: 16717491356571324090

15 lunkers the Ruffian (level 2, 0/23 HPs)
             Began as a Meteoran Shapeshifter on Sept 5, 2023.
             Killed from afar by Natasha (4 damage)
             ... with a magic dart
             ... on level 2 of the Dungeon.
             The game lasted 00:01:06 (512 turns).

lunkers the Ruffian (Meteoran Shapeshifter)          Turns: 512, Time: 00:01:06

Health: 0/23       AC:  5    Str: 15    XL:     2   Next: 88%
Magic:  3/3        EV: 11    Int: 11    God:
Gold:   33         SH:  0    Dex: 13    Spells: 1/1 levels left

rFire   . .          .
                       - Unarmed
rCold   . . .        (no shield)
rNeg    . . .        i - +0 ring mail
rPois   .            (helmet currently unavailable)
rElec   .            (cloak currently unavailable)
rCorr   .            (gloves currently unavailable)
SInv    .            (boots currently unavailable)
Will    .....        (no amulet)
Stlth   +            (no ring)
HPRegen 0.23/turn    (no ring)
MPRegen 0.08/turn

%: no passive effects
@: beast-form, glowing
A: beast (slay +2), sense surroundings 1, otherworldly, glowing, explore regen
a: Begin Untransformation


You were on level 2 of the Dungeon.
You were a hulking beast.
You visited 1 branch of the dungeon, and saw 2 of its levels.

You collected 33 gold pieces.

Inventory:

Armour
 a - a +0 animal skin
 i - a +0 ring mail (worn)
 j - a +0 pair of gloves
Jewellery
 e - an amulet of reflection
 m - a ring of protection from fire
Talismans
 c - a beast talisman (active)
 d - a flux talisman
Scrolls
 g - a scroll of identify {unknown}
 l - a scroll of noise {unknown}
 n - a scroll of fear {unknown}
Potions
 b - a potion of lignification
 f - a potion of mutation {unknown}
 h - a potion of haste {unknown}
 k - a potion of might {unknown}


   Skills:
 - Level 1.1 Fighting
 - Level 2.1 Dodging
 * Level 4.3 Unarmed Combat
 + Level 3.9 Shapeshifting


You had one spell level left.
You didn't know any spells.
Your spell library was empty.

Dungeon Overview and Level Annotations

Branches:
Dungeon (2/15) Zot: 688

Altars:

Annotations:
D:2 Natasha


Innate Abilities, Weirdness & Mutations

You are a hulking beast.
Your limbs bulge with bestial killing power. (Slay +2)
You passively map a small area around you.
You are easily found by Zot.
You glow in the dark.
You regain HP and MP as you explore.


Message History

A ball python is nearby!
Found a robe.
You hit the ball python.
You kill the ball python!
No target in view!
Found 6 stones.
Natasha, Servant of Life and Death comes into view.
Found a chain mail.
Natasha hisses angrily.
Natasha stares at you and mumbles some strange words.
The magic dart hits you!
Natasha mumbles some strange words.
Natasha barely misses you. The cerulean imp closely misses you.
You closely miss the cerulean imp. Natasha closely misses you.
You miss the cerulean imp.
The cerulean imp hits you with a +2 spear.
Natasha claws you.
* * * LOW HITPOINT WARNING * * *
Unknown command.
You barely miss Natasha.
The cerulean imp hits you with a +2 spear.
* * * LOW HITPOINT WARNING * * *
Natasha wildly gestures.
Natasha glows brightly for a moment.
Natasha completely misses you.
You closely miss Natasha.
The cerulean imp hits you with a +2 spear.
* * * LOW HITPOINT WARNING * * *
Natasha closely misses you.
You barely miss Natasha. The cerulean imp closely misses you.
Unknown command.
You barely miss Natasha. Natasha claws you.
* * * LOW HITPOINT WARNING * * *
The cerulean imp barely misses you.
You hit Natasha.
Natasha is moderately wounded.
Natasha casts a spell at you. The magic dart hits you.
You die...
Natasha begins licking her fur clean.

, ##.#.#...###. * ...
,,............ ,*
....#####.##.....####.
, ....#................
, .....(......[......#
, ,
...................#,#
, , ,
...................#.#
...................#.#.
#....5h...###.........
, #....h....###......##
#....###...........#
#.... #...........# , ,
#... .............##.
*,#...,
...............# , ....
................. ,
##..,
,................. ,
.................


You could see Natasha and a cerulean imp (summoned).

Vanquished Creatures
  A dart slug (D:1)
  A bat (D:2)
  A giant cockroach (D:2)
  3 goblins
  2 hobgoblins (D:1)
  A ball python (D:2)
  2 frilled lizards
  A rat (D:1)
12 creatures vanquished.

Notes
Turn   | Place    | Note
-------+----------+-------------------------------------------
     0 | D:1      | lunkers the Meteoran Shapeshifter began the quest for the
                  | Orb.
     0 | D:1      | Reached XP level 1. HP: 16/16 MP: 2/2
   181 | D:1      | Found a faded altar of an unknown god.
   233 | D:1      | Reached skill level 4 in Unarmed Combat
   233 | D:1      | Reached XP level 2. HP: 22/23 MP: 3/3
   501 | D:2      | Noticed Natasha
   512 | D:2      | Killed from afar by Natasha

Illustrated notes

Levels and vault maps discovered:
D:1:      eino_arrival_cavern_b, layout_loops_corners,
          hellmonk_ecumenical_altar_inner_sanctum
D:2:      layout_basic, uniq_natasha

Skill      XL: |  1 |
---------------+----+-----
Unarmed Combat | 4 |  4.3
Fighting       | |  1.1
Dodging        | |  2.1
Shapeshifting  | |  3.9

Action                     || total
---------------------------++-------
  Melee: Unarmed           ||    31
 Armour: Animal skin       ||     2
         Ring mail         ||    15
  Dodge: Dodged            ||    19

Table legend: (Time is in decaauts)
 A = Elapsed time spent in this place.
 B = Non-inter-level travel time spent in this place.
 C = Inter-level travel time spent in this place.
 D = Time resting spent in this place.
 E = Time spent auto-exploring this place.
 F = Levels seen in this place.
 G = Mean time per level.
                   A        B        C        D        E       F      G
               +--------+--------+--------+--------+--------+-----+--------+
         Total |    510 |    485 |     25 |      0 |    356 |   2 |  255.0 |
       Dungeon |    510 |    485 |     25 |      0 |    356 |   2 |  255.0 |
               +--------+--------+--------+--------+--------+-----+--------+

Top non-repeatable levels by time:
     D:1: 391 daAuts
     D:2: 119 daAuts
